 Dungeon Crawl Stone Soup version 0.28-a0-233-gb8ca4b6547 (webtiles) character file.

Game seed: 8869883448861308485

129 willcat the Sneak (level 5, -2/32 HPs)
             Began as a Kobold Delver on Aug 23, 2021.
             Slain by a hound (3 damage)
             ... on level 6 of the Dungeon.
             The game lasted 00:01:10 (1080 turns).

willcat the Sneak (Kobold Delver)                   Turns: 1080, Time: 00:01:11

Health: -2/32      AC:  5    Str: 10    XL:     5   Next: 35%
Magic:  5/5        EV: 15    Int: 11    God:
Gold:   30         SH:  0    Dex: 17    Spells: 4/4 levels left

rFire   . . .      SeeInvis .   a - +0 short sword
rCold   . . .      Faith    .   (shield restricted)
rNeg    . . .      Spirit   .   h - +2 leather armour {rPois}
rPois   +          Reflect  .   (no helmet)
rElec   .          Harm     .   (no cloak)
rCorr   .          Rampage  .   (no gloves)
Will    .....                   (no boots)
Stlth   +++++.....              (no amulet)
HPRegen 0.10/turn               (no ring)
MPRegen 0.09/turn               (no ring)

@: no status effects
A: small, no large weapons, nightstalker 3
a: no special abilities


You were on level 6 of the Dungeon.
You visited 1 branch of the dungeon, and saw 2 of its levels.

You collected 30 gold pieces.

Inventory:

Hand Weapons
 a - a +0 short sword (weapon)
Armour
 b - a +0 leather armour
 h - a +2 leather armour of poison resistance (worn)
Wands
 g - a wand of digging (2)
Scrolls
 c - a scroll of fog
 d - a scroll of magic mapping
 e - a scroll of fear
 i - a scroll of identify {unknown}
Potions
 f - a potion of haste


   Skills:
 - Level 3.2 Fighting
 + Level 4.5 Short Blades
 + Level 4.0 Dodging
 + Level 7.7 Stealth


You had 4 spell levels left.
You didn't know any spells.
Your spell library was empty.

Dungeon Overview and Level Annotations

Branches:
Dungeon (6/15)
 Temple: D:4-7

Altars:
Uskayaw

Annotations:
D:6 Grinder


Innate Abilities, Weirdness & Mutations

You are small and have problems with some larger weapons.
You are completely attuned to the shadows.


Message History

The hound completely misses you. The hound closely misses you.
You barely miss the hound.
The hound is almost dead.
The hound barely misses you.
Unknown command.
You see here 9 stones.
The hound completely misses you. The hound closely misses you.
The hound bites you but does no damage. The hound closely misses you.
The sentinel's mark upon you fades away.
The hound misses you.
Aiming: Dig
Press: ? - help, Shift-Dir - straight line You can't see that place. [a rock wall.]
The rock shatters into small pieces.
The hound bites you but does no damage.
Found a hide-covered altar of Uskayaw.
The hound misses you. The hound bites you but does no damage.
The hound misses you. The hound barely misses you.
The hound bites you but does no damage. The hound bites you but does no damage.
The hound bites you. The hound bites you.
* * * LOW HITPOINT WARNING * * *
The hound closely misses you. The hound closely misses you.
The hound barely misses you. The hound bites you.
* * * LOW HITPOINT WARNING * * *
The hound closely misses you. The hound barely misses you. The hound bites you.
* * * LOW HITPOINT WARNING * * *
The hound barely misses you. The hound bites you.
You die...

....########.#####
..#..............#
.##.########.###.#
###.# #....# #.#
#.# #....# #.#
#.#####....###.#
#..#.........#.#
#..#.........#<#
###..#.........#@#
....[###.....###h##
###..##.......#s).#
#............(....#
#.#..##......D#...#
#.#..###.....######
.(...# ##...##
#.#.## ##.## #..)#
#.##########


You could see a steam dragon, a scorpion and a hound.

Vanquished Creatures
  A sky beast (D:5)
  A bullfrog zombie (D:6)
  5 orcs (D:6)
7 creatures vanquished.

Notes
Turn   | Place    | Note
-------+----------+-------------------------------------------
     0 | D:5      | willcat the Kobold Delver began the quest for the Orb.
     0 | D:5      | Reached XP level 1. HP: 14/14 MP: 1/1
    25 | D:5      | Noticed a sky beast
    33 | D:5      | Killed a sky beast
    34 | D:5      | Reached skill level 7 in Stealth
    34 | D:5      | Reached XP level 2. HP: 19/19 MP: 2/2
    34 | D:5      | Reached XP level 3. HP: 23/23 MP: 3/3
    34 | D:5      | Reached XP level 4. HP: 28/28 MP: 4/4
    42 | D:5      | Noticed Edmund
    51 | D:5      | Noticed an ogre
   576 | D:6      | Reached XP level 5. HP: 21/32 MP: 5/5
   588 | D:6      | HP: 1/32 [bullfrog zombie (4)]
  1029 | D:6      | Noticed a steam dragon
  1030 | D:6      | Noticed Grinder
  1050 | D:6      | Found a hide-covered altar of Uskayaw.
  1076 | D:6      | HP: 1/32 [hound (5)]
  1080 | D:6      | Slain by a hound

Illustrated notes

Levels and vault maps discovered:
D:5:      layout_cave_pools, mainiacjoe_overflow_alcove_1,
          gammafunk_temple_overflow_statue, temple_green, nzn_random_ring,
          uniq_prince_ribbit1, uniq_edmund, uniq_pikel
D:6:      layout_loops_ring, nicolae_uskayaw_suspiria, serial_shops, shop,
          lightli_orcish_oven, uniq_grinder

Skill      XL: |  1  2  3  4  5 |
---------------+----------------+-----
Short Blades   | 4 |  4.5
Dodging        | 3 4 |  4.0
Stealth        | 7 |  7.7
Fighting       | |  3.2

Action                   |  1- 3 |  4- 6 || total
-------------------------+-------+-------++-------
Melee: Short sword       |     6 |    69 ||    75
Evoke: Wand              |       |     1 ||     1
 Stab: Sleeping          |     1 |       ||     1
Armor: Leather armour    |     2 |    16 ||    18
Dodge: Dodged            |     2 |    66 ||    68

Table legend: (Time is in decaauts)
 A = Elapsed time spent in this place.
 B = Non-inter-level travel time spent in this place.
 C = Inter-level travel time spent in this place.
 D = Time resting spent in this place.
 E = Time spent auto-exploring this place.
 F = Levels seen in this place.
 G = Mean time per level.
                   A        B        C        D        E       F      G
               +--------+--------+--------+--------+--------+-----+--------+
         Total |   1072 |   1072 |      0 |    684 |    174 |   2 |  536.0 |
       Dungeon |   1072 |   1072 |      0 |    684 |    174 |   2 |  536.0 |
               +--------+--------+--------+--------+--------+-----+--------+

Top non-repeatable levels by time:
     D:6: 1005 daAuts
     D:5: 66 daAuts
